 Dungeon Crawl Stone Soup version 0.26-a0-415-g2a96157 (webtiles) character file.

Game seed: 1540492591392591664

646 silenth the Slasher (level 7, -2/50 HPs)
             Began as an Octopode Fighter on July 26, 2020.
             Was an Initiate of Ru.
             Slain by Pikel the wyvern (19 damage)
             ... on level 5 of the Dungeon.
             The game lasted 00:05:30 (4971 turns).

silenth the Slasher (Octopode Fighter)              Turns: 4971, Time: 00:05:31

Health: -2/50      AC:  1    Str: 17    XL:     7   Next: 52%
Magic:  7/7        EV: 12    Int: 11    God:    Ru [......]
Gold:   289        SH: 10    Dex: 17    Spells: 6/6 levels left

rFire    . . .     SeeInvis .   a - +1 long sword
rCold    + . .     Faith    .   b - +1 kite shield
rNeg     . . .     Spirit   .   (helmet restricted)
rPois    .         Reflect  .   (no amulet)
rElec    .         Harm     .   p - ring of protection from magic
rCorr    .                      j - +6 ring of dexterity
MR       ++...                  v - ring of protection from magic
Stlth    +++.......             C - ring of protection from cold
HPRegen  0.16/turn              (no ring)
MPRegen  0.10/turn              (no ring)
                                (no ring)
                                (no ring)

@: no status effects
A: almost no armour, stealthy swim, amphibious, 8 rings, constrict 8, camouflage
1, gelatinous body 1
a: Renounce Religion


You were on level 5 of the Dungeon.
You worshipped Ru.
Ru was noncommittal.
You visited 1 branch of the dungeon, and saw 5 of its levels.
You also visited: Sewer.

You collected 289 gold pieces.

Inventory:

Hand Weapons
 a - a +1 long sword (weapon)
Missiles
 g - 6 javelins (quivered)
 w - 5 boomerangs
Armour
 b - a +1 kite shield (worn)
Jewellery
 j - a +6 ring of dexterity (right tentacle)
 p - a ring of protection from magic (left tentacle)
 v - a ring of protection from magic (on tentacle)
 C - a ring of protection from cold (on tentacle)
Wands
 A - a wand of enslavement (6)
 B - a wand of polymorph (3)
Scrolls
 k - a scroll of enchant weapon
 m - 6 scrolls of teleportation
 n - a scroll of enchant armour
 r - 3 scrolls of remove curse
 u - 2 scrolls of fear
Potions
 c - 2 potions of might
 d - 5 potions of mutation
 e - 2 potions of stabbing {unknown}
 f - a potion of berserk rage
 h - 3 potions of heal wounds
 i - a potion of ambrosia {unknown}
 l - a potion of brilliance
 o - 4 potions of curing
 s - a potion of haste
 t - a potion of invisibility
 x - 2 potions of flight
 z - 2 potions of magic


   Skills:
 + Level 5.4 Fighting
 * Level 6.8 Long Blades
 - Level 3.0 Dodging
 - Level 3.0 Shields


You had 6 spell levels left.
You didn't know any spells.
Your spell library contained the following spells:

 Spells                   Type           Power        Failure   Level
 Animate Skeleton         Necr           #.....       86%         1
 Pain                     Necr           #...         86%         1
 Vampiric Draining        Necr           #.........   99%         3
 Animate Dead             Necr           #.........   100%        4
 Agony                    Necr           #.......     100%        5


Dungeon Overview and Level Annotations

Branches:
Dungeon (5/15)              Sewer (visited)
 Temple: D:4-7

Altars:
Dithmenos
Kikubaaqudgha
Ru
Zin

Shops:
D:4 *

Annotations:
D:5 Pikel


Innate Abilities, Weirdness & Mutations

You cannot wear most types of armour.
You are very stealthy in the water. (Stealth+)
You are amphibious.
You can wear up to eight rings at the same time.
You can use your tentacles to constrict eight enemies at once.
Your skin changes colour to match your surroundings (Stealth+).
Your rubbery body absorbs attacks. (AC +1, EV +1)


Message History

You see here an arrow.
Evoke which item? (* to show all) (? for menu, Esc to quit)
Aiming: Polymorph
Press: ? - help, Shift-Dir - straight line, f/p - Pikel
Aim: Pikel, wielding a +0 whip of freezing and wearing a +0 robe (chance to defeat MR: 46%) Pikel evaporates and reforms as a wyvern!
You see here an arrow.
You barely miss Pikel. Pikel barely misses you.
You riposte.
You slash Pikel!
Pikel is moderately wounded.
You block Pikel's attack.
You see here an arrow.
You hit Pikel. You squeeze Pikel, but do no damage.
Pikel is moderately wounded.
Pikel hisses menacingly.
Pikel bites you!
You see here an arrow.
You hit Pikel but do no damage.
Pikel is moderately wounded.
Pikel bites you!!
You die...

#########.....#...#......
......>.†..#..#...#......
####.....##......#..#>..
###................#...
#......###.....#.......
###.###### #.....#..##..
...##...# ####.....#..# .
........#####........#...
.......5Z55l@..(.....#
...
....#...#########.....
...##...# #.. ... #cZ.# .
.. 55...# .......
..##.... .. ...<


You could see Pikel the wyvern, 3 lemures and a bullfrog zombie.

Vanquished Creatures
  A centaur (D:5)
  3 hounds
  An orc priest (D:3)
  A centaur skeleton (D:4)
  An iguana (D:4)
  Ijyb (D:4)
  Natasha (D:4)
  An orc wizard (D:3)
  4 worker ants (D:4)
  7 adders
  A shadow imp (D:5)
  3 oozes (Sewer)
  8 worms
  A dart slug (D:1)
  3 leopard geckos
  12 orcs
  5 ball pythons
  6 giant cockroaches
  7 goblins
  4 hobgoblins
  16 jackals
  3 quokkas
  10 bats
  9 frilled lizards
  A kobold (D:2)
  2 leopard gecko skeletons
  16 rats
128 creatures vanquished.

Notes
Turn   | Place    | Note
-------+----------+-------------------------------------------
     0 | D:1      | silenth the Octopode Fighter began the quest for the Orb.
     0 | D:1      | Reached XP level 1. HP: 16/16 MP: 1/1
    30 | D:1      | Reached XP level 2. HP: 14/21 MP: 2/2
   401 | D:1      | Reached skill level 3 in Long Blades
   433 | D:1      | Reached XP level 3. HP: 26/26 MP: 3/3
   866 | D:2      | Found a shadowy altar of Dithmenos.
  1206 | D:2      | Reached XP level 4. HP: 18/32 MP: 4/4
  1543 | D:2      | Reached skill level 4 in Long Blades
  1707 | D:2      | Found a glowing silver altar of Zin.
  1981 | D:3      | Found a glowing drain.
  2004 | D:3      | Reached skill level 4 in Fighting
  2033 | Sewer    | Entered a sewer
  2037 | Sewer    | Reached XP level 5. HP: 32/37 MP: 5/5
  2843 | D:3      | Reached skill level 5 in Long Blades
  2849 | D:3      | Reached XP level 6. HP: 28/44 MP: 6/6
  3094 | D:3      | Found a sacrificial altar of Ru.
  3674 | D:4      | Found an ancient bone altar of Kikubaaqudgha.
  3933 | D:3      | Became a worshipper of Ru the Awakened
  3960 | D:4      | Noticed Ijyb
  3964 | D:4      | Killed Ijyb
  4152 | D:4      | Reached skill level 6 in Long Blades
  4259 | D:4      | Found Esupp's General Store.
  4288 | D:4      | Reached XP level 7. HP: 43/49 MP: 7/7
  4641 | D:4      | Reached skill level 5 in Fighting
  4709 | D:4      | Noticed Natasha
  4715 | D:4      | Killed Natasha
  4874 | D:5      | Entered Level 5 of the Dungeon
  4962 | D:5      | Noticed Pikel
  4968 | D:5      | Noticed Pikel
  4968 | D:5      | Pikel changed into Pikel the wyvern
  4971 | D:5      | Slain by Pikel the wyvern

Illustrated notes

Levels and vault maps discovered:
D:1:      dpeg_arrival_ratfight, layout_rooms
D:2:      layout_basic, old_standard_altar, lemuel_crystal_altar,
          minmay_misc_feat_alley
D:3:      layout_rooms, nicolae_ru_sacrificial_ziggurat, portal_sewer_entry_a,
          nrook_mini_vaults
D:4:      layout_loops_corners, lemuel_coloured_pillars_altar, serial_shops,
          nicolae_shop_competitors_out_of_business, uniq_ijyb, uniq_natasha
D:5:      layout_rooms, marbit_many_paths, uniq_pikel

Skill      XL: |  1  2  3  4  5  6  7 |
---------------+----------------------+-----
Long Blades    | 3 4 5 6 |  6.8
Fighting       | 4 5 |  5.4
Dodging        | |  3.0
Shields        | |  3.0

Action                   |  1- 3 |  4- 6 |  7- 9 || total
-------------------------+-------+-------+-------++-------
Melee: Long sword        |    61 |   137 |    21 ||   219
       Constrict         |    19 |    43 |     6 ||    68
       Tentacles         |    18 |    47 |     8 ||    73
Throw: Javelin           |       |     3 |       ||     3
Evoke: Wand              |       |       |     2 ||     2
  Use: Scroll            |       |    14 |     3 ||    17
 Stab: Sleeping          |     6 |    13 |     1 ||    20
Armor: Skin              |     4 |     5 |       ||     9
Dodge: Dodged            |    26 |    48 |    11 ||    85
Block: Kite shield       |    25 |    66 |    10 ||   101
       Rpst.: Long sword |     7 |    15 |     5 ||    27

Table legend: (Time is in decaauts)
 A = Elapsed time spent in this place.
 B = Non-inter-level travel time spent in this place.
 C = Inter-level travel time spent in this place.
 D = Time resting spent in this place.
 E = Time spent auto-exploring this place.
 F = Levels seen in this place.
 G = Mean time per level.
                   A        B        C        D        E       F      G
               +--------+--------+--------+--------+--------+-----+--------+
         Total |   5028 |   4819 |    209 |   1137 |   2759 |   6 |  838.0 |
       Dungeon |   4362 |   4153 |    209 |    978 |   2434 |   5 |  872.4 |
         Sewer |    665 |    665 |      0 |    159 |    325 |   1 |  665.0 |
               +--------+--------+--------+--------+--------+-----+--------+

Top non-repeatable levels by time:
     D:4: 1512 daAuts
     D:2: 1163 daAuts
     D:3: 807 daAuts
     D:1: 780 daAuts
   Sewer: 665 daAuts
     D:5: 98 daAuts
